 Dungeon Crawl Stone Soup version 0.31-a0-819-gf6de2f5ab6 (webtiles) character file.

Game seed: 16743928186289111848

5 Danienth the Ruffian (level 1, -1/4 HPs)
             Began as a Demonspawn Shapeshifter on Sept 25, 2023.
             Slain by a jackal (2 damage)
             ... on level 1 of the Dungeon.
             The game lasted 00:03:10 (400 turns).

Danienth the Ruffian (Demonspawn Shapeshifter)       Turns: 400, Time: 00:03:12

Health: -1/4       AC:  0    Str: 14    XL:     1   Next: 66%
Magic:  1/1        EV: 11    Int: 11    God:
Gold:   14         SH:  0    Dex: 12    Spells: 0/0 levels left

rFire   . .          .
                       - Unarmed
rCold   . . .        (shield currently unavailable)
rNeg    . . .        e - +0 leather armour
rPois   .            (no helmet)
rElec   .            (no cloak)
rCorr   .            (gloves currently unavailable)
SInv    .            (no boots)
Will    .....        (no amulet)
Stlth   +            (no ring)
HPRegen 0.20/turn    (no ring)
MPRegen 0.07/turn

%: no passive effects
@: blade hands
A: reduced hp
a: Begin Untransformation


You were on level 1 of the Dungeon.
You had blades for hands.
You visited 1 branch of the dungeon, and saw 1 of its levels.

You collected 14 gold pieces.

Inventory:

Armour
 a - a +0 animal skin
 e - a +0 leather armour (worn)
Talismans
 c - a beast talisman
 d - a flux talisman
 f - a blade talisman (active)
Potions
 b - a potion of lignification


   Skills:
 - Level 1.2 Fighting
 - Level 1.7 Dodging
 * Level 2.8 Unarmed Combat
 * Level 2.8 Shapeshifting


You couldn't memorise any spells.
You didn't know any spells.
Your spell library was empty.

Dungeon Overview and Level Annotations

Branches:
Dungeon (1/15)

Altars:


Message History

You slash the frilled lizard!
You kill the frilled lizard!
You see here a frilled lizard corpse.
h - a scroll labelled KOGOMMU VYULEKK The air fills with toxic fumes!
As you read the scroll labelled IBBAJE DUVEOCK, it crumbles to dust.
It was a scroll of poison.
You start waiting.
Done waiting.
As you read the scroll labelled KOGOMMU VYULEKK, it crumbles to dust.
It is a scroll of identify.
You don't currently have any unidentified items.
A jackal comes into view.
The jackal barks!
You hear a bark!
A jackal comes into view.
You closely miss the jackal. The jackal barely misses you.
You slash the jackal!
You kill the jackal!
You hit the jackal.
The jackal is severely wounded.
The jackal closely misses you.
You hit the jackal.
You kill the jackal!
Found 2 javelins.
You now have 14 gold pieces (gained 9).
A jackal comes into view.
Found a scroll of identify.
The jackal barks!
You hear a bark!
A hobgoblin comes into view.
A jackal comes into view.
The hobgoblin shouts!
There are no items here.
Found a book of Sloth.
An endoplasm comes into view.
You barely miss the jackal. The jackal closely misses you.
The jackal bites you.
Ouch! That really hurt!
* * * LOW HITPOINT WARNING * * *
The jackal bites you.
Ouch! That really hurt!
You die...

.##..................##
#
....##........##.##...
#.
#.......†###.........
...#........#
#.###..###
...........##...# #.#
................#
................#
.........###....#
.......g.h@.....#
.........h......#
##..........###..:
...#........# ###
..........J.#
..##.(......#
#..?...... #........#.


You could see an endoplasm, 2 jackals and a hobgoblin.

Vanquished Creatures
  A goblin (D:1)
  2 jackals (D:1)
  A frilled lizard (D:1)
  A rat (D:1)
5 creatures vanquished.

Notes
Turn   | Place    | Note
-------+----------+-------------------------------------------
     0 | D:1      | Danienth the Demonspawn Shapeshifter began the quest for
                  | the Orb.
     0 | D:1      | Reached XP level 1. HP: 15/15 MP: 1/1
   400 | D:1      | Slain by a jackal

Illustrated notes

Levels and vault maps discovered:
D:1:      minmay_arrival_diagonal_passages, layout_rooms,
          basic_ecumenical_altar, minivault_19, minivault_23,
          grunt_decor_junction, serial_bayou_pond_d

Action                     || total
---------------------------++-------
  Melee: Unarmed           ||     9
Ability: Begin Untransform ||     1
    Use: Scroll            ||     2
 Armour: Leather armour    ||     2
  Dodge: Dodged            ||     4
   Form: Blade             ||     1

Table legend: (Time is in decaauts)
 A = Elapsed time spent in this place.
 B = Non-inter-level travel time spent in this place.
 C = Inter-level travel time spent in this place.
 D = Time resting spent in this place.
 E = Time spent auto-exploring this place.
 F = Levels seen in this place.
 G = Mean time per level.
                   A        B        C        D        E       F      G
               +--------+--------+--------+--------+--------+-----+--------+
         Total |    399 |    379 |     20 |    300 |     18 |   1 |  399.0 |
       Dungeon |    399 |    379 |     20 |    300 |     18 |   1 |  399.0 |
               +--------+--------+--------+--------+--------+-----+--------+

Top non-repeatable levels by time:
     D:1: 399 daAuts
